 Dungeon Crawl Stone Soup version 0.21-a0-584-g185da8e (webtiles) character file.

85 Amnesiac the Insei (level 4, 0/30 HPs)
             Began as an Octopode Transmuter on Dec 20, 2017.
             Killed from afar by an orc wizard (9 damage)
             ... with a magic dart
             ... on level 3 of the Dungeon.
             The game lasted 00:02:48 (1569 turns).

Amnesiac the Insei (Octopode Transmuter)            Turns: 1569, Time: 00:02:49

Health: 0/30       AC:  2    Str:  9    XL:     4   Next: 48%
Magic:  2/7        EV: 20    Int: 15    God:
Gold:   83         SH:  0    Dex: 18    Spells: 1/7 levels left

rFire    . . .     SeeInvis .     - Unarmed
rCold    . . .     Gourm    .   (shield currently unavailable)
rNeg     . . .     Faith    .   (helmet currently unavailable)
rPois    x         Spirit   .   (no amulet)
rElec    .         Reflect  .   j - ring of wizardry
rCorr    .         Harm     .   (no ring)
MR       .....                  (no ring)
Stlth    ++........             (no ring)
HPRegen  0.10/turn              (no ring)
MPRegen  0.10/turn              (no ring)
                                (no ring)
                                (no ring)

@: spider-form (expiring)
A: tiny, almost no armour, stealthy swim, (amphibious), 8 rings, (constrict 8)
a: End Transformation


You were on level 3 of the Dungeon.
You were hungry.
You were a venomous arachnid creature.
You visited 1 branch of the dungeon, and saw 3 of its levels.

You collected 83 gold pieces.

Inventory:

Missiles
 a - 83 arrows
 g - 46 stones (quivered)
 o - 12 poisoned needles
Jewellery
 j - a ring of wizardry (left front leg)
Scrolls
 l - 2 scrolls of teleportation {!r, unknown}
 m - a scroll of identify {!r}
 n - 3 scrolls of remove curse {!r}
Potions
 d - 2 potions of mutation {!q, unknown}
 e - a potion of brilliance {!q, unknown}
 h - a potion of heal wounds {!q}
 i - a potion of berserk rage {!q, unknown}
 k - a potion of lignification {!q, unknown}
 p - a potion of curing {!q, unknown}
Books
 b - a book of Changes

   Spells                             Type                      Level
   a - Beastly Appendage              Transmutation                1
   b - Sticks to Snakes               Transmutation                2
   c - Spider Form                    Transmutation/Poison         3
   d - Ice Form                       Ice/Transmutation            4
   e - Blade Hands                    Transmutation                5
Comestibles
 c - 5 rations
 f - a chunk of flesh


   Skills:
 + Level 2.5 Fighting
 + Level 2.5 Dodging
 * Level 3.8 Unarmed Combat
 - Level 2.0 Spellcasting
 + Level 2.5 Transmutations


You had one spell level left.
You knew the following spells:

 Your Spells              Type           Power        Failure   Level  Hunger
a - Beastly Appendage     Tmut           #.....       9%          1    #......
b - Sticks to Snakes      Tmut           #.......     12%         2    ###....
e - Spider Form           Tmut/Pois      #.........   28%         3    ###....


Dungeon Overview and Level Annotations

Branches:
Dungeon (3/15)

Altars:
Makhleb
Trog
Xom


Innate Abilities, Weirdness & Mutations

You cannot wear most types of armour.
You are very stealthy in the water. (Stealth+)
((You are amphibious.))
You can wear up to eight rings at the same time.
((You can use your tentacles to constrict eight enemies at once.))
((Your skin changes colour to match your surroundings (Stealth+).))
((Your rubbery body absorbs attacks. (AC +1, EV +1)))


Message History

There are monsters nearby!
You barely miss the kobold. You squeeze the kobold.
You kill the kobold!
An orc comes into view. It is wielding a club.
The orc shouts!
The orc wizard shouts!
The orc shouts!
You tentacle-slap the orc but do no damage.
You grab the orc.
You constrict the orc, but do no damage.
The orc barely misses you. The orc wizard hits you with a dagger.
You release your grip on the orc.
You tentacle-slap the orc.
You kill the orc!
The orc throws a tomahawk.
The tomahawk completely misses you.
The orc throws a tomahawk.
The tomahawk hits you.
Things that are here:
a tomahawk; a club The orc throws a tomahawk.
The tomahawk hits you.
You see here a tomahawk.
The orc wizard casts a spell.
The orc wizard flickers and vanishes!
Deactivating autopickup; reactivate with Ctrl-A.
Things that are here:
a tomahawk; a club You see here a tomahawk.
Casting: Spider Form
Confirm with . or Enter, or press ? or * to list all spells.
You turn into a venomous arachnid creature.
You are feeling hungry.
You hit the orc.
The orc is lightly wounded.
The orc completely misses you.
You barely miss the orc.
The orc is lightly wounded.
Your transformation is almost over.
The orc hits you with a short sword.
* * * LOW HITPOINT WARNING * * *
You hit the orc.
The orc is heavily wounded.
The orc barely misses you.
You hit the orc.
The orc is poisoned.
The orc is almost dead.
The orc misses you.
Casting: Spider Form
Confirm with . or Enter, or press ? or * to list all spells.
You extend your transformation's duration.
The orc misses you.
You bite the orc!
You kill the orc!
A magic dart appears from out of thin air!
The magic dart hits you!
* * * LOW HITPOINT WARNING * * *
Something hits you but does no damage.
Things that are here:
a short sword; a scale mail; a tomahawk No target in view!
You closely miss something. Something hits you but does no damage.
No target in view!
You hit something. You closely miss something.
Your transformation is almost over.
You hear some strange, mumbled words.
A magic dart appears from out of thin air!
The magic dart hits you!
You die...

#.#. #.# . .#.##.#
......... #.#..#.# #
#....... .#.
#.#....####... .... ..
#................. ....
##.#....######..#.#.
..............({s........
....#####.....#####....#.
.##.#####................
..............#####. ..#.
.................. ...
.....<......#.#### ..
..#...#####..... .
#.....# ###.##..
#####.##### .# .


There were no monsters in sight!

Vanquished Creatures
  A gnoll (D:1)
  2 adders
  A worm (D:2)
  2 dart slugs
  2 leopard geckos
  2 orcs (D:3)
  A giant cockroach (D:1)
  3 goblins (D:1)
  6 hobgoblins
  8 kobolds
  2 quokkas (D:2)
  2 ball pythons
  6 bats
  4 frilled lizards (D:1)
  9 rats
51 creatures vanquished.

Notes
Turn   | Place    | Note
-------+----------+-------------------------------------------
     0 | D:1      | Amnesiac the Octopode Transmuter began the quest for the Orb.
     0 | D:1      | Reached XP level 1. HP: 13/13 MP: 3/3
    23 | D:1      | Noticed an electric eel
   120 | D:1      | Reached XP level 2. HP: 15/19 MP: 5/5
   124 | D:1      | Learned a level 2 spell: Sticks to Snakes
   400 | D:1      | Reached XP level 3. HP: 18/24 MP: 6/6
   405 | D:1      | Learned a level 3 spell: Spider Form
   747 | D:2      | Found a burning altar of Makhleb.
  1355 | D:2      | Reached XP level 4. HP: 25/30 MP: 7/7
  1358 | D:2      | Found a shimmering altar of Xom.
  1513 | D:3      | Found a bloodstained altar of Trog.
  1569 | D:3      | Killed from afar by an orc wizard

Vault maps used:
D:1:      arrival_aquarium_a, minmay_misc_feat_tiny
D:2:      old_standard_altar, xom_teletrap_fun
D:3:      lemuel_crystal_altar, first_ration

Skill      XL: |  1 |
---------------+----+-----
Fighting       | 2 |  2.5
Dodging        | |  2.5
Unarmed Combat | |  3.8
Spellcasting   | |  2.0
Transmutations | |  2.5

Action                   |  1- 3 |  4- 6 || total
-------------------------+-------+-------++-------
Melee: Unarmed           |    93 |    23 ||   116
       Constrict         |    24 |     3 ||    27
       Tentacles         |    14 |     3 ||    17
       Punch             |     2 |       ||     2
 Cast: Spider Form       |     2 |     3 ||     5
  Use: Scroll            |     2 |       ||     2
 Stab: Sleeping          |     8 |     1 ||     9
       Distracted        |     1 |       ||     1
  Eat: Chunk             |     1 |     1 ||     2
Armor: Skin              |     3 |     2 ||     5
Dodge: Dodged            |    62 |    13 ||    75

Table legend:
 A = Spawn XP
 B = Non-spawn XP
 C = Spawn XP percentage of total XP
 D = Spawn monster count
 E = Non-spawn monster count
 F = Spawn count percentage of total count
 G = Total turns spent on level
                    A         B        C        D         E        F      G
               +---------+---------+-------+---------+---------+-------+---------
         Total |       0 |     122 |   0.0 |       0 |      51 |   0.0 |  1569
               +---------+---------+-------+---------+---------+-------+---------
           D:1 |       0 |      55 |   0.0 |       0 |      28 |   0.0 |   624
           D:2 |       0 |      41 |   0.0 |       0 |      15 |   0.0 |   804
           D:3 |       0 |      26 |   0.0 |       0 |       8 |   0.0 |   141
               +---------+---------+-------+---------+---------+-------+---------
